 Dungeon Crawl Stone Soup version 0.30.1 (webtiles) character file.

Game seed: 10816212029524604587

93832 Philippstinkt the Executioner (level 15, -22/217 HPs)
             Began as a Minotaur Berserker on July 6, 2023.
             Was a High Priest of Trog.
             Blown up by an orb spider (23 damage)
             ... with a wavering orb of destruction
             ... on level 2 of the Spider Nest.
             The game lasted 01:54:00 (19247 turns).

Philippstinkt the Executioner (Minotaur Berserker) Turns: 19247, Time: 01:54:00

Health: -22/217    AC: 18    Str: 28    XL:     15   Next: 61%
Magic:  14/14      EV: 17    Int:  4    God:    Trog [*****.]
Gold:   1086       SH:  0    Dex: 13    Spells: 14/14 levels left

rFire   . . .        z - +5 battleaxe (freeze)
rCold   + + +        (shield currently unavailable)
rNeg    . . .        j - +2 chain mail {rC+}
rPois   +            (helmet restricted)
rElec   .            W - scarf {rC+ rF+}
rCorr   .            O - +1 pair of gloves
SInv    +            (no boots)
Will    ++++.        Y - amulet of regeneration Stlth
                     X - +5 ring of evasion
HPRegen 2.36/turn    N - ring of Cauwixa {Ice rPois Will+ Dex+2 SInv}
MPRegen 0.14/turn

%: no passive effects
@: berserking, lethally poisoned (-22 -> -23), strong-willed, regenerating, very
quick
A: horns 2, retaliatory headbutt
a: Renounce Religion, Berserk, Trog's Hand, Brothers in Arms


You were on level 2 of the Spider Nest.
You worshipped Trog.
Trog was extremely pleased with you.
You visited 4 branches of the dungeon, and saw 19 of its levels.
You also visited: Sewer and Ice Cave.

You collected 2432 gold pieces.
You spent 1346 gold pieces at shops.

Inventory:

Hand Weapons
 i - a +1 executioner's axe of flaming
 m - a +3 broad axe of draining
 o - the +10 dark maul {heavy}
   (You took it off a two-headed ogre on level 1 of the Orcish Mines)
 z - a +5 battleaxe of freezing (weapon)
 V - a +3 antimagic battleaxe
Missiles
 c - 2 curare-tipped darts
 s - 8 atropa-tipped darts
 t - 46 poisoned darts (quivered)
 y - 2 throwing nets
 G - 7 boomerangs
Armour
 j - a +2 chain mail of cold resistance (worn)
 O - a +1 pair of gloves (worn)
 W - a scarf of resistance (worn)
Jewellery
 N - the ring of Cauwixa (right hand) {Ice rPois Will+ Dex+2 SInv}
   (You bought it in a shop on level 2 of the Orcish Mines)

   [ring of ice]

   It enhances your ice magic.
   Dex:       It affects your dexterity (+2).
   rF:        It makes you vulnerable to fire.
   rC:        It protects you from cold.
   rPois:     It protects you from poison.
   SInv:      It lets you see invisible.
   Will:      It increases your willpower.
 X - a +5 ring of evasion (left hand)
 Y - an amulet of regeneration (around neck)
Wands
 q - a wand of flame (11)
 C - a wand of acid (2)
 J - a wand of digging (5)
 K - a wand of mindburst (14)
 Q - a wand of roots (3)
 T - a wand of charming (5)
Scrolls
 e - 5 scrolls of immolation
 f - 5 scrolls of blinking
 g - 3 scrolls of fear
 u - 4 scrolls of magic mapping
 x - 3 scrolls of teleportation
 A - 5 scrolls of enchant weapon
 B - 6 scrolls of enchant armour
 D - a scroll of acquirement {unknown}
 E - 3 scrolls of butterflies
 L - 4 scrolls of fog
 M - a scroll of torment {unknown}
 P - 2 scrolls of silence
 S - a scroll of poison
 Z - a scroll of amnesia {unknown}
Potions
 a - 5 potions of flight
 b - 2 potions of lignification
 d - 9 potions of curing
 h - 2 potions of heal wounds
 k - 3 potions of haste
 l - 2 potions of ambrosia
 n - 2 potions of invisibility
 p - 2 potions of resistance
 r - 3 potions of brilliance
 v - 5 potions of attraction
 w - 2 potions of berserk rage
 H - 2 potions of mutation
 I - a potion of cancellation
Miscellaneous
 F - a phantom mirror
 R - a phial of floods


   Skills:
 + Level 16.3 Fighting
 * Level 21.7 Axes
 - Level 9.0 Throwing
 + Level 16.2 Armour
 - Level 6.0 Dodging


You had 14 spell levels left.
You didn't know any spells.
Your spell library was empty.

Dungeon Overview and Level Annotations

Branches:
Dungeon (10/15)            Temple (0/1) D:6            Lair (5/5) D:10
  Swamp (0/4) Lair:3       Spider (2/4) Lair:3          Orc (2/2) D:9
    Elf (0/3) Orc:2         Sewer (visited)           IceCv (visited)
  Slime: Lair:4-5

Altars:
Ashenzari
Cheibriados
Gozag
Hepliaklqana
Ru
Vehumet

Shops:
Orc:2 ****(=

Portals:
Pandemonium: Orc:2

Annotations:
Lair:2 2 transporters, Pyzunue's ghost, journeyman DgCj
Lair:5 2 runed translucent doors, exclusion: 2 doors


Innate Abilities, Weirdness & Mutations

You have a pair of horns on your head.
You reflexively headbutt those who attack you in melee.


Message History

The moth of wrath closely misses you. The wolf spider closely misses you.
You furiously retaliate!
You headbutt the wolf spider!
The wolf spider bites you but does no damage.
You hear a faint skittering sound.
You slice the wolf spider!! You freeze the wolf spider.
The wolf spider is severely wounded.
You hit the moth of wrath. You freeze the moth of wrath.
You feel sick. The wolf spider hits you!
* * * LOW HITPOINT WARNING * * *
The wolf spider completely misses you.
You hear a faint skittering sound.
You slash the wolf spider! You freeze the wolf spider!
The wolf spider is almost dead.
You slice the moth of wrath!! You freeze the moth of wrath!
You kill the moth of wrath!
Trog accepts your kill.
You feel very sick. The wolf spider hits you!
* * * LOW HITPOINT WARNING * * *
The wolf spider barely misses you.
The orb spider pulsates with a strange energy.
You feel very sick. The wolf spider barely misses you.
The wolf spider bites you.
* * * LOW HITPOINT WARNING * * *
The wolf spider hits you!
* * * LOW HITPOINT WARNING * * *
The wolf spider bites you but does no damage.
You feel a strong urge to attack something.
* * * LOW HITPOINT WARNING * * *
You feel very sick.
You are too berserk!
You slice the orb spider!! You freeze the orb spider!
Your headbutt misses the orb spider.
The orb spider is almost dead.
You slash the wolf spider! You freeze the wolf spider.
* * * LOW HITPOINT WARNING * * *
You feel sick. The wolf spider misses you. The wolf spider barely misses you.
The orb spider weaves a glowing orb of energy.
The wavering orb of destruction weakly hits you!!
You die...

......... #.......^.....#
######..## ##.............##
.#.#(#§§§###..†............##
#.#.##§§§##.................#
#.#.#§§§§#.....^...........#
#.##§#§§#.................#
#.#.#§§§#.....^..........#
#.#^#..##..#...s............#.
######..†...#...@..........#..
........##......s.............#
#####...##..................###
#######............##..##
#..#........^....##
#..###.....##...### .>##
##...####.## .## ##..# #..####
#### #..##.###


You could see a wolf spider (berserk) and an orb spider.

Vanquished Creatures
  2 emperor scorpions (Spider:1)
  3 ghost moths
  2 broodmothers (Spider:1)
  Snorg (Orc:2)
  2 entropy weavers (Spider:1)
  A demonspawn (Orc:2)
  2 hydras (Lair:5)
  4 two-headed ogres
  6 boulder beetles
  4 death yaks
  3 orc high priests (Orc:2)
  A sun demon (Orc:2)
  A sun moth (Spider:1)
  4 pharaoh ants
  2 orb spiders (Spider:1)
  A lindwurm (Lair:5)
  Pikel (D:7)
  5 orc knights
  2 steelbarb worms (Spider:1)
  10 wolf spiders
  2 cyclopes (Orc:1)
  10 orc sorcerers
  An ugly thing (IceCv)
  A moth of wrath (Spider:2)
  6 black mambas
  14 elephants
  3 ice statues (IceCv)
  3 torpor snails
  2 molten gargoyles (Lair:5)
  6 demonic crawlers
  A rust devil (Orc:2)
  Psyche (D:8)
  An orange demon (Orc:2)
  9 cane toads
  A freezing wraith (IceCv)
  9 komodo dragons
  5 rime drakes
  A hellwing (Orc:2)
  2 tyrant leeches (Lair:3)
  7 meliai
  A polar bear (Lair:5)
  3 trolls
  Prince Ribbit (D:6)
  13 tarantellas
  Grinder (D:5)
  4 hornets
  24 blink frogs
  14 jumping spiders
  9 culicivoras
  6 wyverns
  2 wraiths
  45 yaks
  2 basilisks (Lair:5)
  2 death yak simulacra (Lair:5)
  2 vampire mosquitoes (Spider:2)
  22 redbacks
  3 steam dragons
  A chaos spawn (Orc:2)
  Menkaure (D:7)
  Edmund (D:4)
  2 swamp worms (Lair:3)
  6 water moccasins
  5 wargs
  3 hell hounds (Lair:5)
  3 hydra simulacra (IceCv)
  21 orc warriors
  2 sky beasts
  2 ice beasts (D:6)
  8 wolves
  An ogre (Orc:2)
  A centaur (D:9)
  2 phantoms
  2 lemures (D:7)
  A kobold brigand (D:5)
  10 bullfrogs
  A cane toad simulacrum (IceCv)
  5 scorpions
  7 wights
  2 elephant simulacra (IceCv)
  9 killer bees
  6 howler monkeys
  5 lava snakes (Lair:5)
  3 jellies
  2 hounds
  3 gnoll boudas
  19 orc priests
  A sleepcap (D:3)
  Ijyb (D:4)
  Terence (D:3)
  Natasha (D:3)
  20 orc wizards
  3 polar bear simulacra
  2 wolf simulacra (IceCv)
  Robin (D:3)
  10 gnolls (D:6)
  12 adders
  9 river rats
  2 white imps (D:5)
  2 ufetubi
  5 worms
  3 dart slugs
  71 orcs
  6 endoplasms
  12 giant cockroaches
  19 goblins
  10 hobgoblins
  4 jackals
  10 quokkas
  16 ball pythons
  16 bats
  5 frilled lizards
  16 kobolds
  3 rats
691 creatures vanquished.

Vanquished Creatures (collateral kills)
  An ettin (Orc:1)
  An entropy weaver (Spider:1)
  A two-headed ogre (Orc:1)
  A wolf spider (Spider:1)
  A tarantella (Spider:1)
  A scorpion (Spider:1)
6 creatures vanquished.

Vanquished Creatures (others)
  A pharaoh ant (Spider:1)
1 creature vanquished.

Grand Total: 698 creatures vanquished

Notes
Turn   | Place    | Note
-------+----------+-------------------------------------------
     0 | D:1      | Philippstinkt the Minotaur Berserker began the quest for
                  | the Orb.
     0 | D:1      | Reached XP level 1. HP: 19/19 MP: 0/0
    90 | D:1      | Found a faded altar of an unknown god.
   140 | D:1      | Reached XP level 2. HP: 27/27 MP: 1/1
   363 | D:1      | Reached ** piety under Trog
   381 | D:1      | Reached skill level 4 in Axes
   560 | D:1      | Reached XP level 3. HP: 32/33 MP: 2/2
  1329 | D:3      | Reached XP level 4. HP: 40/40 MP: 3/3
  1402 | D:3      | Reached *** piety under Trog
  1428 | D:3      | Found a broken altar of Ashenzari.
  1538 | D:3      | Noticed Robin
  1549 | D:3      | Killed Robin
  1552 | D:3      | Reached XP level 5. HP: 47/47 MP: 4/4
  1661 | D:3      | Noticed Terence
  1672 | D:3      | Killed Terence
  1743 | D:3      | Noticed Natasha
  1754 | D:3      | Killed Natasha
  1755 | D:3      | Reached skill level 5 in Axes
  1840 | D:3      | Reached skill level 5 in Fighting
  2031 | D:4      | Noticed Ijyb
  2048 | D:4      | Killed Ijyb
  2048 | D:4      | Reached **** piety under Trog
  2049 | D:4      | Reached XP level 6. HP: 27/56 MP: 5/5
  2169 | D:4      | Noticed Edmund
  2198 | D:4      | Killed Edmund
  2661 | D:4      | Reached skill level 5 in Armour
  2661 | D:4      | Reached XP level 7. HP: 44/62 MP: 6/6
  3259 | D:5      | Entered Level 5 of the Dungeon
  3288 | D:5      | Reached skill level 6 in Axes
  3385 | D:5      | Noticed Grinder
  3405 | D:5      | Killed Grinder
  3406 | D:5      | Reached skill level 5 in Dodging
  3766 | D:5      | Reached XP level 8. HP: 55/71 MP: 7/7
  4178 | D:5      | Reached skill level 7 in Axes
  4308 | D:6      | Found a staircase to the Ecumenical Temple.
  4315 | D:6      | Noticed Prince Ribbit
  4322 | D:6      | Killed Prince Ribbit
  4323 | D:6      | Reached skill level 8 in Axes
  4518 | D:6      | Found a glowing drain.
  4529 | Sewer    | Entered a sewer
  4658 | Sewer    | Reached ***** piety under Trog
  4729 | Sewer    | Reached XP level 9. HP: 80/80 MP: 8/8
  4879 | Sewer    | Reached skill level 9 in Axes
  6015 | D:7      | Noticed Pikel
  6024 | D:7      | Killed Pikel
  6025 | D:7      | Reached skill level 10 in Axes
  6114 | D:7      | Found a snail-covered altar of Cheibriados.
  6268 | D:7      | Noticed Menkaure
  6274 | D:7      | Killed Menkaure
  6494 | D:7      | Reached skill level 11 in Axes
  6884 | D:8      | Reached XP level 10. HP: 91/91 MP: 9/9
  6995 | D:8      | Noticed a two-headed ogre
  7006 | D:8      | Killed a two-headed ogre
  7021 | D:8      | Noticed Psyche
  7104 | D:8      | Killed Psyche
  7105 | D:8      | Reached skill level 12 in Axes
  7539 | D:9      | Reached skill level 10 in Fighting
  7577 | D:9      | Found a radiant altar of Vehumet.
  7577 | D:9      | Found an opulent altar of Gozag.
  7775 | D:9      | Noticed a two-headed ogre
  8004 | D:9      | Killed a two-headed ogre
  8005 | D:9      | Reached skill level 13 in Axes
  8005 | D:9      | Reached skill level 10 in Armour
  8375 | D:9      | Found a staircase to the Orcish Mines.
  8436 | D:9      | Found a sacrificial altar of Ru.
  8593 | D:10     | Entered Level 10 of the Dungeon
  8764 | D:10     | Noticed a cyan ugly thing
  8764 | D:10     | Noticed a purple ugly thing
  8848 | D:10     | Found a hazy altar of Hepliaklqana.
  8862 | D:10     | Noticed a boulder beetle
  8873 | D:10     | Killed a boulder beetle
  8874 | D:10     | Reached XP level 11. HP: 98/101 MP: 10/10
  9048 | D:10     | Received a gift from Trog
  9256 | D:10     | Found a staircase to the Lair.
  9262 | D:10     | Reached skill level 14 in Axes
  9840 | D:10     | Noticed a green ugly thing
  9925 | Lair:1   | Entered Level 1 of the Lair of Beasts
 10063 | Lair:1   | Reached skill level 1 in Throwing
 10892 | Lair:2   | Reached skill level 15 in Axes
 11123 | Lair:2   | Received a gift from Trog
 11129 | Lair:2   | Reached XP level 12. HP: 109/112 MP: 11/11
 11144 | Lair:2   | Noticed a boulder beetle
 11178 | Lair:2   | Killed a boulder beetle
 11198 | Lair:2   | Found a transporter.
 11201 | Lair:2   | Noticed Pyzunue's ghost (journeyman DgCj)
 11206 | Lair:2   | Noticed a six-headed hydra
 11206 | Lair:2   | Noticed a boulder beetle
 11248 | Lair:2   | Found a transporter.
 11750 | Lair:3   | Found a staircase to the Swamp.
 11783 | Lair:3   | Identified the +9 whip "Hupriahy" {antimagic, *Slow rC+ rN+
                  | Dex+5}
 11836 | Lair:3   | Found a hole to the Spider Nest.
 11943 | Lair:3   | Reached skill level 16 in Axes
 12045 | Lair:3   | Reached skill level 5 in Throwing
 12095 | Lair:3   | Noticed a death yak
 12114 | Lair:3   | Killed a death yak
 12155 | Lair:3   | Reached skill level 17 in Axes
 12717 | Lair:4   | Noticed a boulder beetle
 12728 | Lair:4   | Killed a boulder beetle
 12729 | Lair:4   | Reached XP level 13. HP: 121/122 MP: 12/12
 12759 | Lair:4   | You fall into a shaft and drop 1 floor!
 12759 | Lair:5   | Entered Level 5 of the Lair of Beasts
 12799 | Lair:5   | Found a frozen archway.
 12814 | Lair:5   | Received a gift from Trog
 12832 | IceCv    | Entered an ice cave
 12858 | IceCv    | Identified the +3 ring mail of Hadjma {-Tele Str+5}
 13129 | IceCv    | Identified the +2 short sword of Qyocagg {pain, rN+ Will+
                  | Str-4 SInv}
 13301 | Lair:5   | Reached skill level 18 in Axes
 13981 | Lair:5   | Noticed a fire dragon
 13982 | Lair:5   | Found a large runed translucent door.
 14063 | Lair:5   | Received a gift from Trog
 14095 | Lair:5   | Reached ****** piety under Trog
 14131 | Lair:5   | Found a large runed translucent door.
 14611 | Orc:1    | Entered Level 1 of the Orcish Mines
 14805 | Orc:1    | Reached XP level 14. HP: 99/133 MP: 13/13
 15014 | Orc:1    | Reached skill level 19 in Axes
 15378 | Orc:2    | Entered Level 2 of the Orcish Mines
 15378 | Orc:2    | Found a staircase to the Elven Halls.
 15467 | Orc:2    | Found Ytudd's General Store.
 15475 | Orc:2    | Found Wikkielip's General Store.
 15554 | Orc:2    | Found Othrohe's General Store.
 15582 | Orc:2    | Bought a scroll of silence for 123 gold pieces
 15582 | Orc:2    | Bought a scroll of identify for 26 gold pieces
 15859 | Orc:2    | Received a gift from Trog
 15902 | Orc:2    | Found Yjoaf's Antique Weapon Shop.
 15902 | Orc:2    | Found Luqooschi's Jewellery Boutique.
 15903 | Orc:2    | Found a one-way gate leading to the halls of Pandemonium.
 15905 | Orc:2    | Paralysed by an orc sorcerer for 2 turns
 15911 | Orc:2    | Reached skill level 15 in Fighting
 15923 | Orc:2    | Bought the ring of Cauwixa {Ice rPois Will+ Dex+2 SInv} for
                  | 753 gold pieces
 15990 | Orc:2    | Found Direurif's Specific Store.
 15998 | Orc:2    | Bought a scroll of identify for 28 gold pieces
 15999 | Orc:2    | Noticed Snorg
 16007 | Orc:2    | Killed Snorg
 16362 | Orc:2    | Bought a scarf of resistance for 416 gold pieces
 16567 | Spider:1 | Entered Level 1 of the Spider Nest
 16642 | Spider:1 | Reached skill level 20 in Axes
 16649 | Spider:1 | Reached skill level 15 in Armour
 16781 | Spider:1 | Noticed a ghost moth
 16790 | Spider:1 | Killed a ghost moth
 17292 | Spider:1 | Noticed an emperor scorpion
 17300 | Spider:1 | Killed an emperor scorpion
 17333 | Spider:1 | Noticed an emperor scorpion
 17338 | Spider:1 | Noticed a broodmother
 17340 | Spider:1 | Reached XP level 15. HP: 141/141 MP: 14/14
 17351 | Spider:1 | Killed an emperor scorpion
 17961 | Spider:1 | Reached skill level 21 in Axes
 18222 | Spider:1 | Received a gift from Trog
 19245 | Spider:2 | HP: 4/217 [wolf spider (10)]
 19247 | Spider:2 | HP: 1/217 [poisoned by a wolf spider]
 19247 | Spider:2 | Blown up by an orb spider

Illustrated notes

Levels and vault maps discovered:
D:1:      minmay_arrival_semitransparent, layout_basic,
          ebering_ecumenical_altar_hall
D:2:      layout_basic
D:3:      layout_rooms, cheibrodos_ashenzari_chains, minmay_cupped, uniq_robin,
          uniq_terence, uniq_natasha
D:4:      layout_loops_corners, minmay_distorted, uniq_edmund, uniq_ijyb
D:5:      layout_basic, uniq_grinder
D:6:      layout_loops_cross, minmay_temple_entry_statues_fountains,
          gup_sewer_entry_bubbles, uniq_prince_ribbit1
D:7:      layout_basic, general_overflow_altar, uniq_pikel, uniq_menkaure
D:8:      layout_cave_pools, hangedman_glass_teeth, uniq_psyche
D:9:      layout_long_grid, lemuel_coloured_pillars_altar, jmf_multi_god_temple,
          orc_0_dummy
D:10:     cheibrodos_breeding_chamber, layout_stronghold,
          nzn_hepliaklqana_mist_gate, erik_lair_orcish_takeover,
          chequers_serial_rivers_micro_d
Lair:1:   layout_regular_city, hangedman_lair_unloving_vines, minmay_holes
Lair:2:   layout_gridlike, gammafunk_ghost_berserking_beasts,
          chequers_serial_rivers_small_a, serial_bayou_shore_a
Lair:3:   layout_chaotic_city, minmay_swamp_entry_worms,
          hellmonk_spider_entry_not_the_bees, grunt_megastairs_4
Lair:4:   layout_loops_ring, dpeg_slime_entry_enclosed, lemuel_centaur_altar,
          infiniplex_staircase_pool
Lair:5:   cheibrodos_lair_end_hotspot, layout_regular_city,
          portal_ice_cave_entry_ice_simulacra
Spider:1: nicolae_spider_corner, drop_trap
Spider:2: layout_cave_pods, einodemon_crawler_minivault, uniq_roxanne
Orc:1:    layout_caves, hellmonk_guarded_unrand_dark_maul
Orc:2:    pf_orc_diabolical, layout_caves, nicolae_specific_store, uniq_snorg

Skill      XL: |  1  2  3  4  5  6  7  8  9 10 11 12 13 14 15 |
---------------+----------------------------------------------+-----
Fighting       | 4 5 6 7 9 10 11 13 14 15 16 | 16.3
Axes           | 4 5 6 8 11 13 15 17 18 20 21 | 21.7
Armour         | 3 4 5 6 7 8 10 11 13 14 15 16 | 16.2
Dodging        | 3 4 5 6 |  6.0
Throwing       | 3 5 7 9 |  9.0

Action                     |  1- 3 |  4- 6 |  7- 9 | 10-12 | 13-15 || total
---------------------------+-------+-------+-------+-------+-------++-------
  Melee: Hand axe          |   100 |   137 |    91 |       |       ||   328
         Headbutt          |     7 |    26 |    53 |    77 |   157 ||   320
         Punch             |     1 |     1 |     2 |       |       ||     4
         Unarmed           |       |     2 |       |       |       ||     2
         War axe           |       |       |   193 |    93 |       ||   286
         Battleaxe         |       |       |    38 |   264 |   646 ||   948
         Executioner's axe |       |       |       |       |    66 ||    66
  Throw: Dart              |       |     4 |       |    17 |    28 ||    49
         Boomerang         |       |       |       |    25 |    62 ||    87
         Throwing net      |       |       |       |       |     2 ||     2
 Invoke: Berserk           |       |     3 |     3 |     3 |     4 ||    13
         Trog's Hand       |       |     2 |     3 |     2 |     6 ||    13
         Brothers in Arms  |       |       |       |       |     3 ||     3
  Evoke: Wand              |       |     2 |     6 |       |     5 ||    13
         Phantom mirror    |       |       |       |       |     1 ||     1
    Use: Scroll            |       |     1 |     9 |     6 |    10 ||    26
         Potion            |       |       |     1 |       |     9 ||    10
   Stab: Sleeping          |     1 |       |       |       |       ||     1
         Invisible         |       |       |       |       |     1 ||     1
         Held in net/web   |       |       |       |       |     1 ||     1
 Armour: Ring mail         |    34 |    22 |       |       |       ||    56
         Animal skin       |     2 |       |       |       |       ||     2
         Chain mail        |       |    37 |   173 |   116 |   305 ||   631
         Skin              |       |     4 |       |       |       ||     4
  Dodge: Dodged            |    80 |    67 |   138 |   230 |   607 ||  1122
